 Dungeon Crawl Stone Soup version 0.31-a0-795-g5eb97db20b (webtiles) character file.

Game seed: 7173477301707898458

198 Newt the Trooper (level 5, -3/42 HPs)
             Began as a Demonspawn Gladiator on Sept 18, 2023.
             Slain by an ogre
             ... wielding a +0 giant club
              (29 damage)
             ... on level 4 of the Dungeon.
             The game lasted 00:02:08 (2224 turns).

Newt the Trooper (Demonspawn Gladiator)             Turns: 2224, Time: 00:02:08

Health: -3/42      AC: 12    Str: 17    XL:     5   Next: 47%
Magic:  5/5        EV:  8    Int:  9    God:
Gold:   173        SH: 15    Dex: 14    Spells: 4/4 levels left

rFire   . . .        a - +0 rapier
rCold   . . .        h - +0 tower shield
rNeg    . . .        b - +0 leather armour
rPois   +            c - +0 helmet
rElec   .            (no cloak)
rCorr   .            (no gloves)
SInv    .            f - +0 pair of boots
Will    .....        (no amulet)
Stlth   +            l - ring of poison resistance
HPRegen 0.27/turn    (no ring)
MPRegen 0.09/turn

%: no passive effects
@: no status effects
A: icy blue scales 2, icemail 1, condensation shield
a: no special abilities


You were on level 4 of the Dungeon.
You visited 1 branch of the dungeon, and saw 4 of its levels.

You collected 173 gold pieces.

Inventory:

Hand Weapons
 a - a +0 rapier (weapon)
Missiles
 d - 3 throwing nets (quivered)
 e - a javelin
Armour
 b - a +0 leather armour (worn)
 c - a +0 helmet (worn)
 f - a +0 pair of boots (worn)
 h - a +0 tower shield (worn)
Jewellery
 l - a ring of poison resistance (left hand)
Scrolls
 g - 2 scrolls of brand weapon
 i - 2 scrolls of teleportation
 n - a scroll of blinking
Potions
 j - a potion of curing {unknown}
 k - a potion of mutation {unknown}
 m - 2 potions of heal wounds {unknown}


   Skills:
 - Level 4.0 Fighting
 - Level 4.0 Short Blades
 - Level 1.7 Throwing
 + Level 2.1 Armour
 - Level 2.6 Dodging


You had 4 spell levels left.
You didn't know any spells.
Your spell library contained the following spells:

 Spells                   Type           Power      Damage    Failure   Level
 Slow                     Hex            0%         N/A       100%        1
 Confusing Touch          Hex            0%         N/A       100%        3
 Gell's Gravitas          Tloc           0%         N/A       100%        3
 Sigil of Binding         Hex            0%         N/A       100%        3
 Teleport Other           Tloc           0%         N/A       100%        3
 Vampiric Draining        Necr           0%         2d6       100%        3
 Dispersal                Tloc           0%         N/A       100%        6


Dungeon Overview and Level Annotations

Branches:
Dungeon (4/15)
 Temple: D:4-7

Altars:


Innate Abilities, Weirdness & Mutations

You are mostly covered in icy blue scales. (AC +3)
A meltable icy envelope protects you from harm. (AC +4)
A meltable shield of frost defends you. (SH +4)


Message History

The ball python hisses angrily.
You hear a shout!
Found 7 stones.
A hobgoblin comes into view.
You hit the ball python.
You kill the ball python!
You see here a ball python corpse.
You block the hobgoblin's attack.
You hit the hobgoblin.
The hobgoblin is moderately wounded.
The hobgoblin hits you but does no damage.
You block the hobgoblin's attack.
You hit the hobgoblin.
You kill the hobgoblin!
No target in view!
No target in view!
You open the door.
Found an escape hatch in the floor.
No target in view!
No target in view!
No target in view!
There is an open door here.
A worm, an ogre and a ball python come into view.
The ogre shouts!
The ogre moves out of view.
There are monsters nearby!
A kobold comes into view. It is wielding a +0 short sword.
The kobold shouts!
Found a stone staircase leading down.
You see here a scroll of revelation.
The ball python hisses angrily.
The ogre hits you with a +0 giant club!
The kobold throws a stone.
You block the stone.
You hit the ogre.
The ogre is moderately wounded.
You block the ogre's attack.
You hit the ogre but do no damage.
The ogre is moderately wounded.
The ogre hits you with a +0 giant club!!
Ouch! That really hurt!
You die...

. >. ... .##...
####.....#
###+##.......#
#............#
#.>..........#
#.......S....#
#.....?@wK!..#
###'###.O...##
#.# #.....#
###.###.....#
#.....#.....#
#.....###+##..
#.....###.##.##
#..(.......# .
#.....###†.#####


You could see an ogre, a worm, a ball python and a kobold.

Vanquished Creatures
  A scorpion (D:4)
  An iguana (D:3)
  3 adders (D:3)
  3 worms
  3 dart slugs
  4 endoplasms
  5 giant cockroaches
  2 goblins (D:1)
  10 hobgoblins
  5 quokkas
  5 ball pythons
  10 bats
  3 frilled lizards
  3 kobolds
  13 rats
71 creatures vanquished.

Notes
Turn   | Place    | Note
-------+----------+-------------------------------------------
     0 | D:1      | Newt the Demonspawn Gladiator began the quest for the Orb.
     0 | D:1      | Reached XP level 1. HP: 16/16 MP: 1/1
   178 | D:1      | Gained mutation: You are partially covered in icy blue
                  | scales. (AC +2) [demonic ancestry]
   178 | D:1      | Reached XP level 2. HP: 23/23 MP: 2/2
   226 | D:1      | Found a faded altar of an unknown god.
   568 | D:1      | Gained mutation: You are mostly covered in icy blue scales.
                  | (AC +3) [demonic ancestry]
   568 | D:1      | Reached XP level 3. HP: 21/29 MP: 3/3
  1737 | D:3      | Gained mutation: A meltable shield of frost defends you.
                  | (SH +4) [demonic ancestry]
  1737 | D:3      | Reached XP level 4. HP: 33/37 MP: 4/4
  2163 | D:4      | Noticed a scorpion
  2175 | D:4      | Killed a scorpion
  2176 | D:4      | Gained mutation: A meltable icy envelope protects you from
                  | harm. (AC +4) [demonic ancestry]
  2176 | D:4      | Reached XP level 5. HP: 42/42 MP: 5/5
  2219 | D:4      | Noticed an ogre
  2224 | D:4      | Slain by an ogre

Illustrated notes

Levels and vault maps discovered:
D:1:      dpeg_arrival_radiant, layout_loops_ring,
          shapermc_ecumenical_altar_mp_ritualfount, st_stairs_4
D:2:      layout_basic
D:3:      layout_rooms, hangedman_abyss_or_decor_lesser_grid
D:4:      layout_basic, grunt_temple_overflow_gold_and_silver,
          minmay_temple_entry_arrows, portal_sewer_entry_d, minmay_mini_ossuary

Skill      XL: |  1  2  3  4 |
---------------+-------------+-----
Fighting       | 3 4 |  4.0
Short Blades   | 3 4 |  4.0
Armour         | 2 |  2.1
Throwing       | |  1.7
Dodging        | |  2.6

Action                     |  1- 3 |  4- 6 || total
---------------------------+-------+-------++-------
  Melee: Rapier            |   198 |    70 ||   268
         Punch             |     3 |       ||     3
    Use: Scroll            |     6 |     1 ||     7
   Stab: Sleeping          |     1 |     1 ||     2
 Armour: Leather armour    |   130 |    29 ||   159
  Dodge: Dodged            |   112 |    14 ||   126
  Block: Tower shield      |    70 |    65 ||   135

Table legend: (Time is in decaauts)
 A = Elapsed time spent in this place.
 B = Non-inter-level travel time spent in this place.
 C = Inter-level travel time spent in this place.
 D = Time resting spent in this place.
 E = Time spent auto-exploring this place.
 F = Levels seen in this place.
 G = Mean time per level.
                   A        B        C        D        E       F      G
               +--------+--------+--------+--------+--------+-----+--------+
         Total |   2306 |   2245 |     61 |    308 |   1325 |   4 |  576.5 |
       Dungeon |   2306 |   2245 |     61 |    308 |   1325 |   4 |  576.5 |
               +--------+--------+--------+--------+--------+-----+--------+

Top non-repeatable levels by time:
     D:2: 768 daAuts
     D:1: 731 daAuts
     D:3: 730 daAuts
     D:4: 75 daAuts
